 Dungeon Crawl Stone Soup version 0.31.0-11-ge490571c62 (webtiles) character file.

Game seed: 9424959636571450926

80 Ashen the Grave Robber (level 4, 0/30 HPs)
             Began as a Mummy Necromancer on Feb 1, 2024.
             Slain by an iguana (12 damage)
             ... on level 3 of the Dungeon.
             The game lasted 00:02:28 (2003 turns).

Ashen the Grave Robber (Mummy Necromancer)          Turns: 2003, Time: 00:02:28

Health: 0/30       AC:  3    Str: 11    XL:     4   Next: 18%
Magic:  6/9        EV: 12    Int: 16    God:
Gold:   104        SH:  0    Dex: 12    Spells: 9/10 levels left

rFire   x . .        g - +1 short sword (elec)
rCold   + . .        (no shield)
rNeg    + + +        a - +0 robe
rPois   ∞            (no helmet)
rElec   .            (no cloak)
rCorr   .            f - +0 pair of gloves
SInv    .            (no boots)
Will    .....        e - amulet of regeneration
Stlth   ++           (no ring)
HPRegen 1.05/turn    (no ring)
MPRegen 0.11/turn

%: faith
@: no status effects
A: cold resistance 1, negative energy resistance 3, torment resistance 2, heat
vulnerability 1, in touch with death 1, no potions, faith
a: no special abilities


You were on level 3 of the Dungeon.
You visited 1 branch of the dungeon, and saw 3 of its levels.

You collected 104 gold pieces.

Inventory:

Hand Weapons
 g - a +1 short sword of electrocution (weapon)
Armour
 a - a +0 robe (worn)
 f - a +0 pair of gloves (worn)
Jewellery
 c - an amulet of reflection
 e - an amulet of regeneration (around neck)
Scrolls
 b - 2 scrolls of identify {unknown}
 d - a scroll of amnesia {unknown}


   Skills:
 + Level 2.2 Dodging
 + Level 2.4 Stealth
 + Level 3.5 Spellcasting
 + Level 4.4 Necromancy


You had 9 spell levels left.
You knew the following spells:

 Your Spells              Type           Power      Damage    Failure   Level
a - Necrotise             Necr           100%       1d9       2%          1

Your spell library contained the following spells:

 Spells                   Type           Power      Damage    Failure   Level
 Vampiric Draining        Necr           25%        2d7       9%          3
 Apportation              Tloc           4%         N/A       19%         1
 Sting                    Conj/Alch      8%         1d3       19%         1
 Summon Small Mammal      Summ           8%         N/A       19%         1
 Animate Dead             Necr           25%        N/A       28%         4
 Curse of Agony           Necr           25%        N/A       61%         5


Dungeon Overview and Level Annotations

Branches:
Dungeon (3/15)

Altars:
Trog

Annotations:
D:3 Jessica


Innate Abilities, Weirdness & Mutations

You are immune to poison.
Your flesh is cold resistant. (rC+)
You are immune to negative energy. (rN+++)
You are immune to unholy pain and torment.
You are vulnerable to heat. (rF-)
You are in touch with the powers of death.
You do not drink.
You have a special connection with the divine. (Faith)


Message History

The iguana hisses angrily.
Jessica shouts!
The iguana misses you.
You hit the iguana.
The iguana is moderately wounded.
The iguana barely misses you.
You closely miss the iguana.
The iguana is moderately wounded.
The iguana hisses menacingly.
The iguana bites you.
You closely miss the iguana.
The iguana is moderately wounded.
The iguana barely misses you.
You hit the iguana.
The iguana is moderately wounded.
The iguana bites you!
You barely miss the iguana.
The iguana is moderately wounded.
The iguana bites you!
You are too injured to fight recklessly!
Casting: Necrotise (safe; 2% risk of failure)
Confirm with . or Enter, or press ? or * to list all spells.
Aiming: Necrotise (safe; 2% risk of failure)
Press: ? - help, Shift-Dir - straight line, f - iguana
Aim: an iguana (moderately wounded, chance to affect: 88%)
You feel a surge of power!
The iguana writhes in agony.
The iguana misses you.
Casting: Necrotise (safe; 2% risk of failure)
Confirm with . or Enter, or press ? or * to list all spells.
Aiming: Necrotise (safe; 2% risk of failure)
Press: ? - help, Shift-Dir - straight line, f/p - iguana
Aim: an iguana (moderately wounded, chance to affect: 88%)
You feel a surge of power!
The iguana writhes in agony.
The iguana bites you.
Jessica gestures wildly while chanting.
Jessica seems to speed up.
Casting: Necrotise (safe; 2% risk of failure)
Confirm with . or Enter, or press ? or * to list all spells.
Aiming: Necrotise (safe; 2% risk of failure)
Press: ? - help, Shift-Dir - straight line, f/p - iguana
Aim: an iguana (heavily wounded, chance to affect: 88%)
You feel a surge of power!
The iguana writhes in agony.
The iguana bites you!
You die...

. ...
#######.....
#...@l@.....
#.####......
#....# .....
##########.#
%...
#.<.#......#
...
#.#.#.###..#
## #.#.#.#
#..# #.#...#
...#
#.#####.##.#


You could see an iguana and Jessica (fast).

Vanquished Creatures
  Natasha (twice) (D:2)
  A ribbon worm (D:2)
  4 ball pythons
  A bat (D:2)
  3 endoplasms
  2 giant cockroaches
  3 goblins (D:1)
  A hobgoblin (D:1)
  A kobold (D:2)
  2 quokkas (D:2)
  8 rats
28 creatures vanquished.

Vanquished Creatures (collateral kills)
  An endoplasm (D:2)
1 creature vanquished.

Grand Total: 29 creatures vanquished

Notes
Turn   | Place    | Note
-------+----------+-------------------------------------------
     0 | D:1      | Ashen the Mummy Necromancer began the quest for the Orb.
     0 | D:1      | Reached XP level 1. HP: 13/13 MP: 4/4
   472 | D:1      | Reached XP level 2. HP: 19/19 MP: 3/5
   990 | D:2      | Found a bloodstained altar of Trog.
  1480 | D:2      | Noticed Natasha
  1494 | D:2      | Killed Natasha
  1495 | D:2      | Reached XP level 3. HP: 7/24 MP: 0/7
  1848 | D:2      | Noticed Natasha
  1854 | D:2      | Killed Natasha
  1855 | D:2      | Reached XP level 4. HP: 30/30 MP: 3/9
  1992 | D:3      | Noticed Jessica
  2003 | D:3      | Slain by an iguana

Illustrated notes

Levels and vault maps discovered:
D:1:      dpeg_arrival_radiant, layout_basic
D:2:      layout_basic, basic_altar, minivault_26,
          ebering_dispersal_statue_hall, uniq_natasha
D:3:      layout_basic, mainiacjoe_overflow_divided_tiny, uniq_sigmund,
          uniq_jessica

Skill      XL: |  1  2 |
---------------+-------+-----
Spellcasting   | 3 |  3.5
Stealth        | 2 |  2.4
Dodging        | 2 |  2.2
Necromancy     | |  4.4

Action                     |  1- 3 |  4- 6 || total
---------------------------+-------+-------++-------
  Melee: Unarmed           |     3 |       ||     3
         Short sword       |    12 |     5 ||    17
   Cast: Necrotise         |    49 |     3 ||    52
 Armour: Robe              |    19 |     5 ||    24
  Dodge: Dodged            |    13 |     4 ||    17
